 Dungeon Crawl Stone Soup version 0.30.0-17-ge0270778cf (webtiles) character file.

Game seed: 11707415561354129160

238368 Peloso the Hoplite (level 18, -2/170 (176) HPs)
             Began as a Minotaur Fighter on May 21, 2023.
             Was a High Priest of Okawaru.
             Killed from afar by a crystal guardian (42 damage)
             ... with a crystal bolt
             ... in the Desolation of Salt.
             The game lasted 01:49:04 (49479 turns).

Peloso the Hoplite (Minotaur Fighter)              Turns: 49479, Time: 01:49:07

HP:   -2/170 (176)  AC: 24    Str: 26    XL:     18   Next: 99%
MP:   11/29         EV: 14    Int:  8    God:    Okawaru [*****.]
Gold: 1100          SH: 29    Dex: 16    Spells: 17/17 levels left

rFire   . . .        a - +9 long sword of Fimbulwinter {venom, rElec rC++ rN+}
rCold   + + +        d - +0 tower shield of Xom's Vengeance {rElec rC+ Will+}
rNeg    + . .        S - +4 chain mail of Tulips {Dex+3}
rPois   +            (helmet restricted)
rElec   +            (no cloak)
rCorr   +            V - +1 pair of gloves {infuse}
SInv    .            x - +2 pair of boots {Fly}
Will    +....        Z - amulet of Keohom {Reflect Int+3 SH+5} Stlth
                     f - ring of willpower
HPRegen 0.48/turn    W - ring "Ciewius" {rPois rCorr MP+9}
MPRegen 0.21/turn

%: reflection, infuse magic (1 MP)
@: mighty, weak-willed, flying, hasted, lightly drained, very quick
A: horns 2, retaliatory headbutt
}: 1/15 runes: barnacled
a: Renounce Religion, Heroism, Finesse, Duel


You were in the Desolation of Salt.
You worshipped Okawaru.
Okawaru was extremely pleased with you.
You visited 6 branches of the dungeon, and saw 29 of its levels.
You visited 1 bazaar.
You also visited: Bailey, Gauntlet and Desolation.

You collected 3146 gold pieces.
You spent 2046 gold pieces at shops.

Inventory:

Hand Weapons
 a - the +9 long sword of Fimbulwinter (weapon) {venom, rElec rC++ rN+}
   (You bought it in a shop on level 1 of the Elven Halls)

   rC:        It greatly protects you from cold.
   rElec:     It insulates you from electricity.
   rN:        It protects you from negative energy.
 b - the +2 long sword "Demonbane" {elec, rF+}
   (You found it on level 2 of the Lair of Beasts)

   rF:        It protects you from fire.
 c - a +1 long sword of flaming
Missiles
 L - a throwing net (quivered)
Armour
 d - the +0 tower shield of Xom's Vengeance (worn) {rElec rC+ Will+}
   (You acquired it in a bailey)

   rC:        It protects you from cold.
   rElec:     It insulates you from electricity.
   Will:      It increases your willpower.
 v - a +3 chain mail of poison resistance
 x - a +2 pair of boots of flying (worn)
 S - the +4 chain mail of Tulips (worn) {Dex+3}
   (Okawaru gifted it to you on level 3 of the Lair of Beasts)

   Dex:       It affects your dexterity (+3).
 V - a +1 pair of gloves of infusion (worn)
Jewellery
 f - a ring of willpower (left hand)
 j - an amulet of guardian spirit
 p - a ring of flight
 w - a ring of resist corrosion
 z - a ring of positive energy
 B - a ring of positive energy
 I - an amulet of faith
 M - a ring of fire
 Q - the ring of Omidehi {Fly rPois Will- rCorr Str+3}
   (You took it off an ironbound convoker in the Desolation of Salt)

   [ring of flight]

   Str:       It affects your strength (+3).
   rPois:     It protects you from poison.
   Fly:       It grants you flight.
   rCorr:     It protects you from acid and corrosion.
   Will:      It decreases your willpower.
 W - the ring "Ciewius" (right hand) {rPois rCorr MP+9}
   (You found it in a Gauntlet)

   [ring of poison resistance]

   rPois:     It protects you from poison.
   MP:        It affects your magic capacity (+9).
   rCorr:     It protects you from acid and corrosion.
 Z - the amulet of Keohom (around neck) {Reflect Int+3 SH+5}
   (You found it in a Gauntlet)

   [amulet of reflection]

   It reflects blocked missile attacks.
   Int:       It affects your intelligence (+3).
   SH:        It affects your SH (+5).
Wands
 k - a wand of iceblast (15)
 q - a wand of flame (14)
 D - a wand of acid (4)
Scrolls
 e - a scroll of enchant weapon
 g - 5 scrolls of immolation
 l - 8 scrolls of teleportation
 m - 3 scrolls of fear
 o - 2 scrolls of noise
 r - 2 scrolls of fog
 u - a scroll of magic mapping
 y - a scroll of brand weapon
 E - 4 scrolls of blinking
 H - a scroll of amnesia
 N - 4 scrolls of poison
 O - a scroll of enchant armour
Potions
 h - 2 potions of invisibility
 i - 8 potions of curing
 n - a potion of might
 s - 4 potions of haste
 t - a potion of mutation
 C - 5 potions of flight
 F - a potion of brilliance
 J - a potion of berserk rage
 K - a potion of ambrosia
 P - a potion of cancellation
Miscellaneous
 A - a phial of floods


   Skills:
 + Level 19.4 Fighting
 + Level 17.7 Long Blades
 + Level 2.5 Maces & Flails
 + Level 16.2 Armour
 + Level 9.1 Dodging
 + Level 2.5 Stealth
 + Level 25.4 Shields
 + Level 5.3 Invocations
 + Level 1.2 Evocations


You had 17 spell levels left.
You didn't know any spells.
Your spell library contained the following spells:

 Spells                   Type           Power      Damage    Failure   Level
 Apportation              Tloc           0%         N/A       83%         1
 Kiss of Death            Conj/Necr      0%         2d5       83%         1
 Magic Dart               Conj           0%         1d3       83%         1
 Sandblast                Erth           0%         2d4       83%         1
 Sting                    Tmut/Pois      0%         1d3       83%         1
 Cigotuvi's Dreadful Rot  Necr/Pois/Air  0%         N/A       92%         2
 Ensorcelled Hibernation  Hex/Ice        0%         N/A       92%         2
 Passwall                 Tmut/Erth      0%         N/A       92%         2
 Poisonous Vapours        Pois/Air       0%         N/A       92%         2
 Searing Ray              Conj           0%         2d4       92%         2
 Static Discharge         Conj/Air       0%         2-2/arc   92%         2
 Confusing Touch          Hex            0%         N/A       99%         3
 Dazzling Flash           Conj/Hex       0%         N/A       99%         3
 Hailstorm                Conj/Ice       0%         3d3       99%         3
 Ignite Poison            Fire/Tmut/Pois 0%         N/A       99%         3
 Inner Flame              Hex/Fire       0%         N/A       99%         3
 Mephitic Cloud           Conj/Pois/Air  0%         N/A       99%         3
 Swiftness                Air            0%         N/A       99%         3
 Volatile Blastmotes      Fire/Tloc      0%         2d10      99%         3
 Airstrike                Air            0%         2d(0-16)  100%        4
 Dispel Undead            Necr           0%         3d6       100%        4
 Flame Wave               Conj/Fire      0%         2d4       100%        4
 Fulminant Prism          Conj/Hex       0%         3d5       100%        4
 Ice Form                 Ice/Tmut       0%         N/A       100%        4
 Iskenderun's Mystic Bla  Conj/Tloc      0%         2d3       100%        4
 Olgreb's Toxic Radiance  Pois           0%         N/A       100%        4
 Sticky Flame             Conj/Fire      0%         2d3       100%        4
 Alistair's Intoxication  Tmut/Pois      0%         N/A       100%        5
 Blade Hands              Tmut           0%         N/A       100%        5
 Borgnjor's Vile Clutch   Necr/Erth      0%         N/A       100%        5
 Freezing Cloud           Conj/Ice/Air   0%         6-21      100%        5
 Lee's Rapid Deconstruct  Erth           0%         3d4*      100%        5
 Silence                  Hex/Air        0%         N/A       100%        5
 Yara's Violent Unravell  Hex/Tmut       0%         3d3       100%        5
 Conjure Ball Lightning   Conj/Air       0%         3x3d6     100%        6
 Iron Shot                Conj/Erth      0%         9d1       100%        6
 Starburst                Conj/Fire      0%         6d3       100%        6
 Statue Form              Tmut/Erth      0%         N/A       100%        6
 Enfeeble                 Hex            0%         N/A       100%        7
 Discord                  Hex            0%         N/A       100%        8
 Disjunction              Tloc           0%         N/A       100%        8
 Call Canine Familiar     Summ           Unusable   N/A       N/A         3
 Summon Guardian Golem    Hex/Summ       Unusable   N/A       N/A         3
 Animate Armour           Summ/Erth      Unusable   N/A       N/A         4
 Summon Lightning Spire   Summ/Air       Unusable   N/A       N/A         4
 Simulacrum               Ice/Necr       Unusable   N/A       N/A         6

Dungeon Overview and Level Annotations

Branches:
Dungeon (15/15)            Temple (0/1) D:5            Lair (5/5) D:11
 Shoals (4/4) Lair:2       Spider (1/4) Lair:3        Slime (0/5) Lair:4
    Orc (2/2) D:10            Elf (2/3) Orc:2        Vaults (0/5) D:13
 Depths (0/4) D:15         Bailey (visited)         Desolation (1/1)
Gauntlet (visited)

Altars:
Ashenzari
Cheibriados
Elyvilon
Fedhas
Gozag
Hepliaklqana
Kikubaaqudgha
Makhleb
Nemelex Xobeh
Okawaru
Ru
Sif Muna
Trog
Yredelemnul
Jiyva
Lugonu

Shops:
D:4 =(   D:7 :   Orc:2 ([[=   Elf:1 ?(   Shoals:1 *

Portals:
Abyss: Lair:5
Trove: D:10 (give +6 demon blade)

Annotations:
D:8 Dig
Lair:1 Casa 1 runed translucent door, Ceckukk's ghost, journeyman GrEE


Innate Abilities, Weirdness & Mutations

You have a pair of horns on your head.
You reflexively headbutt those who attack you in melee.


Message History

You block the servant of whispers's attack.
The ironbound convoker casts a spell at the halazid warlock.
The halazid warlock seems to grow stronger.
You block the servant of whispers's attack.
The saltling hits you.
* * * LOW HITPOINT WARNING * * *
You block the saltling's attack.
The imperial myrmidon completely misses you.
The saltling hits you.
* * * LOW HITPOINT WARNING * * *
You feel much better.
The imperial myrmidon points at you and mumbles some strange words.
You resist with some effort.
You block the ragged hierophant's attack.
The halazid warlock touches you.
* * * LOW HITPOINT WARNING * * *
You writhe in agony!
* * * LOW HITPOINT WARNING * * *
You block the saltling's attack.
You block the servant of whispers's attack.
You block the saltling's attack.
The servant of whispers hits you but does no damage.
You closely miss the servant of whispers.
You block the imperial myrmidon's attack.
You block the saltling's attack.
The imperial myrmidon closely misses you.
Blink to where?
Press: ? - help, Dir - move target A guardian serpent and 3 saltlings come into view.
As you read the scroll of blinking, it crumbles to dust.
The guardian serpent shouts!
The air resumes its normal movements.
The crystal guardian glitters, brittle, in the dim dungeon light.
You feel much better.
The ragged hierophant casts a spell at you.
A blast of power from the earth strikes you!
* * * LOW HITPOINT WARNING * * *
The crystal guardian fires a crystalline bolt at you.
The crystal bolt burns you!!!
You die...

....................9).a99....
.............)....9..L9.99....
...#......9........aa9aa9.....
..#.......99........999.9.....
.............S.............#..
....................9.........
..........∩.∩.................
..............................
......#........@..............
......##..................
...................#......
...................#......
..........................
..........................
........................
..............#.......
.....................


You could see a ragged hierophant (sheltered), a servant of whispers (summoned,
sheltered), an imperial myrmidon (sheltered), a halazid warlock (strong,
sheltered), a crystal guardian (strong, sheltered), a guardian serpent and 9
saltlings.

Vanquished Creatures
  Saint Roka (Orc:2)
  Jorgrun (Spider:1)
  2 krakens
  Roxanne (Spider:1)
  Kirke (D:14)
  Ilsuiw (Shoals:4)
  Aizul (Lair:3)
  Louise (D:14)
  An orc warlord (Bailey)
  An ironbound preserver (D:13)
  A broodmother (Spider:1)
  A minotaur (Gauntlet)
  A halazid warlock (Desolation)
  A spark wasp (Lair:3)
  3 merfolk impalers
  6 merfolk javelineers
  Josephine (Shoals:1)
  The ghost of Xudgha the Protected, a journeyman MiFi of Okawaru (Lair:2)
  Fannar (D:10)
  A jorogumo (Spider:1)
  2 servants of whispers (Desolation)
  6 hydras
  A peacekeeper (Desolation)
  4 merfolk avatars
  5 merfolk aquamancers
  A death knight (D:12)
  The ghost of confidenceinterval the Fighter, a novice HOHu of Ashenzari (D:9)
  5 centaur warriors
  2 alligator snapping turtles (Shoals:4)
  9 boulder beetles
  7 two-headed ogres
  2 satyrs
  A death yak (D:11)
  A catoblepas (Lair:3)
  3 death scarabs (Gauntlet)
  A vampire mage (D:15)
  A tengu warrior (D:9)
  3 thrashing horrors (Lair:5)
  4 dancing weapons (Elf:1)
  10 deep elf knights
  Urug (Lair:1)
  A sun moth (Spider:1)
  4 orc high priests
  3 pharaoh ants
  7 skeletal warriors
  A spark wasp zombie (D:15)
  A death drake (Gauntlet)
  4 skysharks
  8 sea snakes
  An orb spider (Spider:1)
  A storm dragon skeleton (D:15)
  7 deep elf archers (Elf:1)
  A tengu zombie (D:15)
  3 orc knights
  2 spectral hydras (Gauntlet)
  32 harpies
  Pikel (D:6)
  12 deep elf pyromancers
  A necromancer (D:15)
  4 steelbarb worms
  2 ironbound convokers (Desolation)
  12 deep elf zephyrmancers
  18 ugly things
  A stone giant zombie (D:15)
  4 oklob plants (Lair:4)
  7 cyclopes
  12 fauns
  5 orc sorcerers
  2 wolf spiders
  13 manticores
  6 merfolk sirens
  A spectral centaur (Gauntlet)
  13 elephants
  A moth of wrath (D:9)
  Joseph (D:6)
  2 guardian serpents
  3 smoke demons (Lair:5)
  7 water nymphs
  3 black mambas
  A demonic crawler (Spider:1)
  3 large abominations
  A minotaur zombie (Gauntlet)
  11 cane toads
  6 kobold demonologists
  A torpor snail (Lair:4)
  2 unseen horrors
  2 rime drakes
  5 komodo dragons
  A guardian mummy (D:15)
  2 tengu conjurers
  2 ancient zymes (Lair:5)
  10 trolls
  A meliai (shapeshifter) (D:15)
  4 polar bears
  25 merfolk
  9 snapping turtles
  7 wind drakes
  37 blink frogs
  Prince Ribbit (D:7)
  3 tarantellas
  11 dream sheep
  8 saltlings
  A spectral meliai (Gauntlet)
  A spectral dream sheep (Gauntlet)
  12 slime creatures
  A spectral black mamba (Gauntlet)
  6 jumping spiders
  3 air elementals (Elf:1)
  4 culicivoras
  A shadow (D:12)
  10 wraiths
  A fire elemental (Elf:1)
  13 water elementals
  2 ynoxinuls (Lair:5)
  28 yaks
  4 wyverns
  7 basilisks
  2 steam dragons
  A chaos spawn (Lair:5)
  4 humans (D:14)
  13 redbacks
  16 small abominations
  6 vampire mosquitoes
  5 wargs
  3 acid dragons
  11 water moccasins
  47 orc warriors
  A spectral hornet (Gauntlet)
  A sky beast (D:6)
  3 ice beasts (D:6)
  A black bear (D:11)
  5 ogres
  4 wolves
  5 boggarts (D:15)
  6 centaurs
  A lemure (D:6)
  A phantom (D:4)
  2 kobold brigands
  11 bullfrogs
  3 gnoll sergeants (D:9)
  2 earth elementals (Elf:1)
  4 scorpions
  5 wights
  11 killer bees
  An electric eel (Orc:1)
  2 howler monkeys
  2 hounds
  2 jellies (D:6)
  2 sleepcaps
  25 orc priests
  A gnoll bouda (D:9)
  An iguana (D:4)
  3 iron imps (D:9)
  29 orc wizards
  36 gnolls
  10 adders
  3 shadow imps (D:6)
  A white imp (D:5)
  5 worms
  108 orcs
  4 ball pythons
  6 endoplasms
  4 giant cockroaches
  15 goblins
  3 hobgoblins
  3 quokkas
  3 bats
  3 frilled lizards
  32 kobolds
  7 rats
  2 tentacles
1039 creatures vanquished.

Vanquished Creatures (others)
  2 deep elf knights (Elf:1)
  A demonic crawler (Spider:1)
  A raiju (Gauntlet)
  An orc wizard (Orc:2)
  2 orcs
  A kobold (D:5)
  12 tentacles
20 creatures vanquished.

Grand Total: 1059 creatures vanquished

Notes
Turn   | Place    | Note
-------+----------+-------------------------------------------
     0 | D:1      | Peloso the Minotaur Fighter began the quest for the Orb.
     0 | D:1      | Reached XP level 1. HP: 19/19 MP: 0/0
   143 | D:1      | Reached XP level 2. HP: 24/27 MP: 1/1
   361 | D:1      | Reached skill level 4 in Shields
   746 | D:2      | Reached XP level 3. HP: 33/33 MP: 2/2
  1017 | D:3      | Reached skill level 1 in Dodging
  1147 | D:2      | Reached XP level 4. HP: 37/40 MP: 3/3
  1649 | D:3      | Reached XP level 5. HP: 32/47 MP: 4/4
  2210 | D:4      | Found Jeqaoxou's Weapon Emporium.
  2527 | D:4      | Reached skill level 5 in Fighting
  2527 | D:4      | Reached skill level 5 in Long Blades
  2527 | D:4      | Reached skill level 5 in Armour
  2527 | D:4      | Reached XP level 6. HP: 28/56 MP: 5/5
  3178 | D:4      | Found Lovosem's Jewellery Emporium.
  3528 | D:5      | Entered Level 5 of the Dungeon
  3534 | D:5      | Reached XP level 7. HP: 59/62 MP: 6/6
  3682 | D:4      | HP: 3/62 [worm (5)]
  4271 | D:5      | Found a sacrificial altar of Ru.
  4434 | D:5      | Reached skill level 5 in Shields
  4434 | D:5      | Reached XP level 8. HP: 22/71 MP: 2/7
  4658 | D:5      | Found an opulent altar of Gozag.
  4660 | D:5      | Found an iron altar of Okawaru.
  4665 | D:5      | Found a hazy altar of Hepliaklqana.
  4668 | D:5      | Became a worshipper of Warmaster Okawaru
  4670 | D:5      | Found a blossoming altar of Fedhas.
  4671 | D:5      | Found an ancient bone altar of Kikubaaqudgha.
  5029 | D:5      | Found a staircase to the Ecumenical Temple.
  5307 | D:6      | Noticed a kobold demonologist
  5311 | D:6      | Found a transporter.
  5318 | D:6      | Found a transporter.
  5377 | D:6      | Reached * piety under Okawaru
  5597 | D:6      | Found a snail-covered altar of Cheibriados.
  6229 | D:6      | Reached XP level 9. HP: 75/82 MP: 8/8
  6241 | D:7      | Reached ** piety under Okawaru
  6255 | D:7      | Found Xulohos's Vocational Training.
  6367 | D:7      | Noticed Prince Ribbit
  6367 | D:7      | Noticed Joseph
  6376 | D:7      | Noticed Pikel
  6381 | D:7      | Reached skill level 6 in Shields
  6838 | D:6      | Killed Joseph
  6839 | D:6      | Reached skill level 10 in Long Blades
  6972 | D:7      | Killed Prince Ribbit
  7183 | D:6      | Killed Pikel
  7184 | D:6      | Reached skill level 7 in Shields
  7613 | D:7      | Found a white marble altar of Elyvilon.
  7738 | D:8      | Reached XP level 10. HP: 91/91 MP: 6/9
  7745 | D:8      | Reached skill level 10 in Fighting
  7749 | D:8      | Reached skill level 1 in Invocations
  7956 | D:8      | Found a flagged portal.
  7969 | Bailey   | Entered a bailey
  8024 | Bailey   | Noticed an orc warlord
  8110 | Bailey   | Found a runed translucent gate.
  8110 | Bailey   | Found a runed translucent gate.
  8110 | Bailey   | Found a runed translucent gate.
  8559 | Bailey   | Identified a scroll of acquirement
  8559 | Bailey   | Acquired the +0 tower shield of Xom's Vengeance {rElec rC+
                  | Will+}
  8604 | Bailey   | Killed an orc warlord
  9117 | D:8      | Reached skill level 8 in Shields
  9126 | D:8      | Found a sparkling altar of Nemelex Xobeh.
  9272 | D:9      | Reached *** piety under Okawaru
  9296 | D:9      | Found a burning altar of Makhleb.
  9403 | D:9      | Reached skill level 10 in Armour
 10268 | D:9      | Noticed a two-headed ogre
 10269 | D:9      | Found a bloodstained altar of Trog.
 10269 | D:9      | Noticed a tengu warrior
 10269 | D:9      | Noticed confidenceinterval's ghost (novice HOHu)
 10269 | D:9      | Noticed a moth of wrath
 10269 | D:9      | Noticed a two-headed ogre
 10270 | D:9      | Found a transporter.
 10286 | D:9      | Found a transporter.
 10320 | D:10     | Entered Level 10 of the Dungeon
 10337 | D:10     | Found a staircase to the Orcish Mines.
 10411 | D:10     | Reached XP level 11. HP: 38/102 MP: 5/11
 10643 | D:10     | Found a portal to a secret trove of treasure.
 10714 | D:10     | Found a shimmering blue altar of Sif Muna.
 10722 | D:10     | Reached skill level 9 in Shields
 10767 | D:10     | Noticed a two-headed ogre
 10787 | D:10     | Killed a two-headed ogre
 10989 | D:10     | Noticed Fannar
 11016 | D:10     | Killed Fannar
 11328 | D:10     | Reached skill level 10 in Shields
 11714 | D:11     | Noticed a two-headed ogre
 11729 | D:11     | Killed a two-headed ogre
 11729 | D:11     | Reached **** piety under Okawaru
 11859 | D:11     | Noticed a two-headed ogre
 11884 | D:11     | Killed a two-headed ogre
 12105 | D:11     | Noticed a boulder beetle
 12183 | D:11     | Reached skill level 11 in Shields
 12254 | D:11     | Noticed a two-headed ogre
 12268 | D:11     | Killed a two-headed ogre
 12314 | D:11     | Noticed a death yak
 12336 | D:11     | Killed a death yak
 12336 | D:11     | Received a gift from Okawaru
 12450 | D:11     | Found a staircase to the Lair.
 12604 | Lair:1   | Entered Level 1 of the Lair of Beasts
 12623 | D:11     | Reached XP level 12. HP: 105/113 MP: 13/13
 12753 | Lair:1   | Reached skill level 12 in Shields
 12924 | Lair:1   | Found a runed translucent door.
 12924 | Lair:1   | Noticed Ceckukk's ghost (journeyman GrEE)
 12957 | Lair:1   | Noticed Urug
 12996 | Lair:1   | Killed Urug
 12996 | Lair:1   | Reached ***** piety under Okawaru
 13595 | Lair:2   | Reached skill level 13 in Shields
 13865 | Lair:2   | Found a staircase to the Shoals.
 14231 | Lair:2   | Found a runed translucent door.
 14236 | Lair:2   | Noticed Xudgha's ghost (journeyman MiFi)
 14461 | Lair:2   | Identified the +2 long sword "Demonbane" {elec, rF+}
 15007 | Lair:3   | Identified the +4 chain mail of Tulips {Dex+3} (Okawaru
                  | gifted it to you on level 3 of the Lair of Beasts)
 15007 | Lair:3   | Received a gift from Okawaru
 15010 | Lair:3   | Reached skill level 14 in Shields
 15019 | Lair:3   | Noticed a catoblepas
 15044 | Lair:3   | Killed a catoblepas
 15494 | Lair:3   | Reached XP level 13. HP: 125/125 MP: 12/14
 15727 | Lair:3   | Found a hole to the Spider Nest.
 15763 | Lair:3   | Reached skill level 1 in Maces & Flails
 16444 | D:12     | Reached skill level 15 in Shields
 17257 | Orc:1    | Entered Level 1 of the Orcish Mines
 17757 | Orc:2    | Entered Level 2 of the Orcish Mines
 17914 | Orc:1    | Reached skill level 15 in Fighting
 18158 | Orc:2    | Found Zaxiv's Armour Shoppe.
 18230 | Orc:2    | Reached skill level 5 in Dodging
 18248 | Orc:2    | Reached skill level 16 in Shields
 18666 | Orc:2    | Noticed Saint Roka
 19602 | Orc:2    | Killed Saint Roka
 19603 | Orc:2    | Reached skill level 1 in Stealth
 19804 | Orc:2    | Found Hulam's Jewellery Emporium.
 19942 | Orc:2    | Reached skill level 17 in Shields
 20192 | Orc:2    | Found a staircase to the Elven Halls.
 20449 | Orc:2    | Found Aphaut's Antique Weapon Shop.
 20452 | Orc:2    | Found Ysiriagi's Antique Armour Boutique.
 20469 | Orc:2    | Bought a glowing long sword for 169 gold pieces
 20904 | D:12     | Identified the +1 scale mail of Least Resistance {rElec
                  | Int+2}
 20964 | D:12     | Reached skill level 15 in Long Blades
 21148 | D:12     | Reached XP level 14. HP: 46/136 MP: 13/15
 21530 | D:12     | Identified the +1 trident of Beogh's Fury {freeze, rCorr
                  | Int+3}
 21539 | D:12     | Identified the staff of fire "Rigraff" {rF+ rN+ Dex+4}
 21561 | D:12     | Reached skill level 1 in Evocations
 22378 | Lair:4   | Found a gate leading to a gauntlet.
 22388 | Gauntlet | Entered a Gauntlet
 22388 | Gauntlet | Found a transporter.
 22398 | Gauntlet | Found a transporter.
 22399 | Gauntlet | Found a transporter.
 22400 | Gauntlet | Found a transporter.
 22410 | Gauntlet | Found a transporter.
 22411 | Gauntlet | Found a transporter.
 22415 | Gauntlet | Found a transporter.
 22419 | Gauntlet | Found a transporter.
 22422 | Gauntlet | Found a transporter.
 22423 | Gauntlet | Found a transporter.
 22434 | Gauntlet | Found a transporter.
 22435 | Gauntlet | Found a transporter.
 22443 | Gauntlet | Found a transporter.
 22467 | Gauntlet | Found a transporter.
 22736 | Gauntlet | Identified the ring "Ciewius" {rPois rCorr MP+9}
 22753 | Gauntlet | Reached skill level 18 in Shields
 22754 | Gauntlet | HP: 6/138 [poison (dark miasma)]
 23247 | Gauntlet | Identified the staff of conjuration "Neyren" {rC- Will+
                  | rCorr Int+5}
 23284 | Gauntlet | Identified the amulet of Keohom {Reflect Int+3 SH+5}
 23420 | Lair:4   | Received a gift from Okawaru
 23563 | Lair:4   | Found a basalt altar of Yredelemnul.
 24208 | Lair:4   | Found a viscous altar of Jiyva.
 24217 | Lair:4   | Found a staircase to the Slime Pits.
 25578 | D:9      | Killed confidenceinterval's ghost
 25841 | Lair:2   | Killed Xudgha's ghost
 26631 | D:13     | Reached skill level 19 in Shields
 26707 | D:13     | Found a gate to the Vaults.
 26707 | D:13     | Noticed an ironbound preserver
 26720 | D:13     | Killed an ironbound preserver
 27014 | D:13     | Identified the +1 leather armour of the Storm King {Harm
                  | rF+ rC+}
 27961 | D:14     | Noticed Louise
 27982 | D:14     | Killed Louise
 27983 | D:14     | Reached XP level 15. HP: 136/146 MP: 17/17
 28041 | D:14     | Found an ancient bone altar of Kikubaaqudgha.
 28045 | D:14     | Found a flickering gateway to a bazaar.
 28050 | Bazaar   | Entered a bazaar
 28050 | Bazaar   | Found Puronn's Magic Scroll Shoppe.
 28050 | Bazaar   | Found Tazeptap's Distillery.
 28058 | Bazaar   | Bought a scroll of brand weapon for 66 gold pieces
 28058 | Bazaar   | Bought a scroll of blinking for 52 gold pieces
 28074 | Bazaar   | Bought a scroll of teleportation for 21 gold pieces
 28080 | Bazaar   | Bought 2 potions of heal wounds for 190 gold pieces
 28797 | D:14     | Found a broken altar of Ashenzari.
 28835 | D:14     | Noticed Kirke
 28849 | D:14     | Killed Kirke
 29346 | Lair:5   | Entered Level 5 of the Lair of Beasts
 29368 | Lair:5   | Reached skill level 20 in Shields
 29799 | Lair:5   | Identified the +0 scale mail "Gungafag" {rF+ rC+ Str-4
                  | SInv}
 30953 | Lair:5   | Identified the scarf "Cevovuisi" {harm, Contam rPois rCorr
                  | Slay-3} (Okawaru gifted it to you on level 5 of the Lair of
                  | Beasts)
 30953 | Lair:5   | Received a gift from Okawaru
 31194 | Lair:5   | Found a corrupted altar of Lugonu.
 31194 | Lair:5   | Found a one-way gate to the infinite horrors of the Abyss.
 31636 | D:15     | Entered Level 15 of the Dungeon
 31880 | D:15     | Reached skill level 21 in Shields
 32646 | D:15     | Found a staircase to the Depths.
 33464 | D:15     | Reached XP level 16. HP: 150/157 MP: 18/18
 33831 | Shoals:1 | Entered Level 1 of the Shoals
 34493 | Shoals:1 | Reached skill level 22 in Shields
 34696 | Shoals:1 | Noticed Josephine
 34715 | Shoals:1 | Killed Josephine
 34831 | Shoals:1 | Found Cykhluma's Assorted Antiques.
 35944 | Spider:1 | Entered Level 1 of the Spider Nest
 35944 | Spider:1 | Noticed Aizul
 35967 | Lair:3   | Killed Aizul
 37229 | Spider:1 | Noticed Roxanne
 37270 | Spider:1 | Killed Roxanne
 37555 | Spider:1 | Noticed Jorgrun
 37569 | Spider:1 | Killed Jorgrun
 39050 | Spider:1 | Reached skill level 15 in Armour
 39050 | Spider:1 | Reached skill level 23 in Shields
 39050 | Spider:1 | Reached skill level 5 in Invocations
 39050 | Spider:1 | Reached XP level 17. HP: 166/166 MP: 19/19
 39378 | Shoals:2 | Noticed a kraken
 39399 | Shoals:2 | Killed a kraken
 41373 | Shoals:3 | Reached XP level 18. HP: 137/173 MP: 20/20
 41989 | Shoals:3 | Identified the staff of air "Nyri" {Fly rElec Will+}
 42907 | Shoals:4 | Entered Level 4 of the Shoals
 42910 | Shoals:4 | Noticed Ilsuiw
 43238 | Shoals:4 | Killed Ilsuiw
 43238 | Shoals:4 | Received a gift from Okawaru
 43239 | Shoals:4 | Reached skill level 24 in Shields
 44080 | Shoals:4 | Identified the scarf of Liberalism {harm, Stlth+} (Okawaru
                  | gifted it to you on level 4 of the Shoals)
 44080 | Shoals:4 | Received a gift from Okawaru
 44443 | Shoals:4 | HP: 5/174 [merfolk javelineer/javelin (17)]
 45010 | Shoals:4 | Got a barnacled rune of Zot
 46457 | Shoals:4 | Identified the staff of death "Emulucloe" {Fragile +Blink
                  | rC+ rN+ rCorr}
 46796 | Elf:1    | Entered Level 1 of the Elven Halls
 47473 | Elf:1    | Found Fuatzudai's Magic Scroll Shop.
 47517 | Elf:1    | Found Oranips's Weapon Boutique.
 47546 | Elf:1    | Bought a scroll of magic mapping for 105 gold pieces
 47559 | Elf:1    | Bought the +9 long sword of Fimbulwinter {venom, rElec rC++
                  | rN+} for 1443 gold pieces
 47690 | Elf:1    | Reached skill level 25 in Shields
 48531 | Elf:1    | Paralysed by an air elemental for 1 turns
 48542 | Elf:1    | Paralysed by an air elemental for 1 turns
 49103 | Elf:2    | Found a crumbling gateway.
 49194 | Desolati | Entered the Desolation of Salt
 49348 | Desolati | Identified the ring of Omidehi {Fly rPois Will- rCorr
                  | Str+3}
 49475 | Desolati | HP: 5/170 [saltling[a halazid warlock] (6)]
 49479 | Desolati | Killed from afar by a crystal guardian

Illustrated notes

Levels and vault maps discovered:
D:1:      dpeg_arrival_renting, layout_basic
D:2:      layout_basic
D:3:      layout_basic
D:4:      layout_basic, serial_shops, shop, nicolae_inconvenience_store
D:5:      layout_cave_pools, nicolae_ru_path_of_blood, minitemple,
          minmay_temple_entry_poolview, lexackson_kobold_supper
D:6:      gammafunk_wand_slinger, layout_loops_corners,
          mainiacjoe_overflow_concentric_impassable, minmay_misc_feat_pillars,
          item_on_display_b
D:7:      layout_rooms, nicolae_elyvilon_temple_path, kennysheep_flooded_box,
          nicolae_shop_vocational, uniq_joseph, uniq_prince_ribbit1, uniq_pikel
D:8:      layout_basic, nemelex_spade_bored_becter, enter_bailey_3,
          due_unseen_surprise
D:9:      layout_basic, demons_altar, gammafunk_ghost_wrathful_warriors,
          serial_bayou_pond_d
D:10:     layout_cave_pools, lemuel_doored_altar, david_orc_3,
          trove_entry_hex_spiral, uniq_fannar
D:11:     layout_rooms, david_lair_generic
D:12:     minmay_the_grid_triangle_9x9_recursive_2_mashed
          [minmay_the_grid_triangle_9x9_prize_insulated,
          minmay_the_grid_triangle_9x9_from_above,
          minmay_the_grid_triangle_9x9_pentomino_pain,
          minmay_the_grid_triangle_9x9_windchime], layout_loops_ring,
          minivault_24
D:13:     layout_grid_maze, skrybe_vaults_entry_preservation
D:14:     layout_loops_cross, serial_shops, bzr_entry_road,
          nicolae_kikubaaqudgha_miasma_corner, evilmike_ruin_ashenzari,
          uniq_louise, uniq_kirke
D:15:     gammafunk_depths_entry_grave, layout_stronghold, chequers_garden
Lair:1:   layout_cave_shapes, hellmonk_ghost_happy_afterlife, uniq_urug
Lair:2:   layout_regular_city, minmay_shoals_entry_lonely_mermaid,
          gammafunk_ghost_grave
Lair:3:   layout_regular_city, spider_nest_entry_funnel_web
Lair:4:   minmay_lair_oklob_tunnel, layout_cave_pods, slime_entry_1,
          gauntlet_entry_generic, basic_altar, st_stairs_3, grunt_megastairs_5
Lair:5:   hellmonk_lair_end_abyssal_woods, layout_hall_layers,
          serial_bayou_shore_a
Shoals:1: layout_shoals, serial_shops, shop, uniq_josephine
Shoals:2: layout_shoals, nicolae_shoals_lost_giant_amphitheater
Shoals:3: layout_shoals, ldierk_geyser
Shoals:4: shoals_end_hangedman, layout_shoals, shoals_ilsuiw_ice,
          nicolae_shoals_seven_spires, nicolae_shoals_circle_sea_wall
Spider:1: nicolae_spider_obnoxious_hallway, uniq_roxanne, uniq_jorgrun,
          uniq_aizul
Orc:1:    layout_caves, nooodl_orcs_dogs
Orc:2:    grunt_orc_community_town_hall, layout_caves,
          grunt_orc_community_big_house_2, grunt_orc_community_big_house_1,
          grunt_orc_community_house_3, grunt_orc_community_house_1,
          grunt_orc_community_house_2, grunt_orc_community_house_3, basic_altar
Elf:1:    eino_elf_arrival_the_gate, layout_gridlike, minivault_28,
          minmay_shoptagon
Elf:2:    elven_hall_of_blades_hangedman_alternative [nicolae_blade_lattice],
          layout_gridlike, portal_desolation_entry_salt, feat_on_display
Desolation

Skill      XL: |  1  2  3  4  5  6  7  8  9 10 11 12 13 14 15 16 17 18 |
---------------+-------------------------------------------------------+-----
Shields        | 4 5 7 8 11 14 17 19 21 23 25 | 25.4
Fighting       | 4 5 6 8 9 11 12 14 15 16 17 18 19 | 19.4
Armour         | 4 5 6 8 9 10 11 12 13 14 15 16 | 16.2
Long Blades    | 3 4 5 6 7 9 11 12 14 15 16 17 | 17.7
Dodging        | 1 2 3 4 5 6 7 8 9 |  9.1
Invocations    | 2 3 4 5 |  5.3
Maces & Flails | 1 2 |  2.5
Stealth        | 1 2 |  2.5
Evocations     | 1 |  1.2

Action                     |  1- 3 |  4- 6 |  7- 9 | 10-12 | 13-15 | 16-18 || total
---------------------------+-------+-------+-------+-------+-------+-------++-------
  Melee: Long sword        |    77 |   169 |   370 |  1118 |  1665 |  1454 ||  4853
         Headbutt          |    12 |    26 |    68 |   260 |   525 |   434 ||  1325
         Falchion          |       |       |       |       |   194 |       ||   194
         Whip              |       |       |       |       |    69 |       ||    69
 Invoke: Heroism           |       |       |     7 |    29 |    45 |    20 ||   101
  Evoke: Wand              |       |     3 |     2 |     2 |     8 |       ||    15
    Use: Potion            |     4 |       |     2 |     2 |     6 |    15 ||    29
         Scroll            |       |     6 |     2 |    14 |    13 |     5 ||    40
 Armour: Scale mail        |    34 |    41 |       |       |       |       ||    75
         Chain mail        |       |    28 |   219 |    42 |   514 |   508 ||  1311
         Plate armour      |       |       |       |   310 |       |       ||   310
         Skin              |       |       |       |     4 |       |       ||     4
  Dodge: Dodged            |    32 |    63 |   180 |   169 |   378 |   563 ||  1385
  Block: Buckler           |    11 |    37 |   118 |    29 |       |       ||   195
         Tower shield      |       |       |       |   965 |  2178 |  2379 ||  5522
         Reflection        |       |       |       |       |    50 |   140 ||   190
